 Dungeon Crawl Stone Soup version 0.27.1 (webtiles) character file.

Game seed: 16604535890199367612

46 ZARRMARR the Skirmisher (level 3, -1/51 HPs)
             Began as a Minotaur Berserker on Aug 26, 2021.
             Was a Believer of Trog.
             Slain by a gnoll (8 damage)
             ... on level 2 of the Dungeon.
             The game lasted 00:04:23 (1228 turns).

ZARRMARR the Skirmisher (Minotaur Berserker)        Turns: 1228, Time: 00:04:24

Health: -1/51      AC:  2    Str: 22    XL:     3   Next: 46%
Magic:  2/2        EV: 12    Int:  4    God:    Trog [**....]
Gold:   42         SH:  0    Dex:  9    Spells: 2/2 levels left

rFire    . . .     SeeInvis .   a - +0 mace
rCold    . . .     Faith    .   (no shield)
rNeg     . . .     Spirit   .   b - +0 animal skin
rPois    .         Reflect  .   (helmet restricted)
rElec    .         Harm     .   (no cloak)
rCorr    .         Rampage  .   (no gloves)
Will     .....                  (no boots)
Stlth    ..........             (no amulet)
HPRegen  0.17/turn              (no ring)
MPRegen  0.08/turn              (no ring)

@: berserking (expiring), very quick
A: horns 2, retaliatory headbutt
a: Renounce Religion, Berserk, Trog's Hand


You were on level 2 of the Dungeon.
You worshipped Trog.
Trog was pleased with you.
You visited 1 branch of the dungeon, and saw 2 of its levels.

You collected 42 gold pieces.

Inventory:

Hand Weapons
 a - a +0 mace (weapon)
Armour
 b - a +0 animal skin (worn)
Scrolls
 c - a scroll of magic mapping
Potions
 f - a potion of curing {unknown}
 h - a potion of berserk rage {unknown}


   Skills:
 + Level 4.5 Fighting
 + Level 4.3 Maces & Flails
 + Level 2.7 Armour
 + Level 2.5 Dodging


You had 2 spell levels left.
You didn't know any spells.
Your spell library was empty.

Dungeon Overview and Level Annotations

Branches:
Dungeon (2/15)

Altars:

Shops:
D:1 (


Innate Abilities, Weirdness & Mutations

You have a pair of horns on your head.
You reflexively headbutt those who attack you in melee.


Message History

You can now call upon Trog for regeneration and willpower.
You see here a ball python corpse.
Found a stone staircase leading down.
Found an escape hatch in the floor.
A gnoll comes into view. It is wielding a +0 spear.
Found a stone staircase leading down.
The gnoll shouts!
A gnoll is nearby!
A gnoll comes into view. It is wielding a +0 halberd.
A goblin comes into view. It is wielding a +0 club.
A red film seems to cover your vision as you go berserk!
You feel yourself moving faster!
You feel mighty!
The gnoll hits you from afar with a +0 spear.
You feel a strong urge to attack something.
The gnoll hits you from afar with a +0 halberd!
You completely miss the gnoll. The gnoll hits you with a +0 spear!
A gnoll comes into view. It is wielding a +0 whip.
The gnoll closely misses you.
You closely miss the gnoll.
The gnoll shouts!
You headbutt the gnoll!
The gnoll is heavily wounded.
You hear a shout!
You sock the gnoll!
You kill the gnoll!
Trog accepts your kill. The gnoll closely misses you.
You closely miss the goblin. The gnoll barely misses you.
The goblin misses you.
You thump the goblin!
You kill the goblin!
Trog accepts your kill.
The gnoll hits you from afar with a +0 halberd!
* * * LOW HITPOINT WARNING * * *
The gnoll hits you with a +0 whip.
* * * LOW HITPOINT WARNING * * *
Things that are here:
a +0 club; a goblin corpse You closely miss the gnoll.
The gnoll hits you with a +0 halberd!
You die...

#### ...# .>.#
# #>.# #.
#.##..# # #.##
#...gg####.#
#... #@......#
#..# #.).....#
#..# #...#####
#..# #..##
#..########..#
#....†.......#
##.########..#
#.# ...# #.#
#...#


You could see 2 gnolls.

Vanquished Creatures
  A gnoll (D:2)
  A dart slug (D:1)
  6 ball pythons
  4 bats (D:1)
  2 endoplasms (D:1)
  A giant cockroach (D:1)
  6 goblins
  2 hobgoblins (D:1)
  2 kobolds (D:1)
  3 frilled lizards (D:1)
  5 rats (D:1)
33 creatures vanquished.

Vanquished Creatures (others)
  A plant (D:1)
1 creature vanquished.

Grand Total: 34 creatures vanquished

Notes
Turn   | Place    | Note
-------+----------+-------------------------------------------
     0 | D:1      | ZARRMARR the Minotaur Berserker began the quest for the
                  | Orb.
     0 | D:1      | Reached XP level 1. HP: 19/19 MP: 0/0
    55 | D:1      | Found Ifeeliv's Antique Weapon Shoppe.
   132 | D:1      | Found a faded altar of an unknown god.
   320 | D:1      | Reached XP level 2. HP: 27/27 MP: 1/1
   673 | D:1      | Reached XP level 3. HP: 33/33 MP: 2/2
  1207 | D:2      | Reached ** piety under Trog
  1228 | D:2      | Slain by a gnoll

Illustrated notes

Levels and vault maps discovered:
D:1:      dpeg_arrival_windows_large_door, layout_basic,
          shapermc_ecumenical_altar_acropolis, serial_shops, shop
D:2:      layout_loops_ring, minmay_pentomino_q2

Skill      XL: |  1  2 |
---------------+-------+-----
Fighting       | 4 |  4.5
Maces & Flails | 4 |  4.3
Armour         | |  2.7
Dodging        | |  2.5

Action                   || total
-------------------------++-------
Melee: Mace              ||    50
       Headbutt          ||    10
Invok: Berserk           ||     5
  Use: Scroll            ||     4
Armor: Animal skin       ||     5
Dodge: Dodged            ||    38
